 Dungeon Crawl Stone Soup version 0.30-a0-1160-g6e42c06551 (webtiles) character file.

Game seed: 9143575699240006407

1582776 MrSquiggles the Evocator (level 27, 224/224 HPs)
             Began as a Human Hunter on Apr 24, 2023.
             Was an Initiate of Gozag.
             Escaped with the Orb
             ... and 4 runes on Apr 26, 2023!
             The game lasted 12:37:56 (151650 turns).

MrSquiggles the Evocator (Human Hunter)           Turns: 151650, Time: 12:37:56

Health: 224/224    AC: 15    Str: 20    XL:     27
Magic:  24/32      EV: 36    Int: 18    God:    Gozag
Gold:   11670      SH:  5    Dex: 32    Spells: 33/38 levels left

rFire   + . .        g - +9 lajatang (speed)
rCold   + . .        (shield currently unavailable)
rNeg    + . .        K - +0 leather armour "Caxerrech" {rElec rN+ Regen+ Dex+4}
rPois   +            t - +2 hat of the Bear Spirit {Spirit, Bear, *Rage Will++}
rElec   +            o - +2 cloak of Luiclem {Drain +Inv Str+2 Int+5}
rCorr   +            L - +2 pair of gloves "Fenianaf" {rPois rF+ Will+ Str-2}
SInv    +            d - +1 pair of boots "Poocello" {Int+2}
Will    +++++        r - amulet "Takhyh" {Reflect Will++ Str+5 SH+5 Stlth-}
Stlth   ++           N - ring of the Heavens {rC+ rCorr}
HPRegen 1.37/turn    S - ring "Gaheva" {Dex+2 SInv}
MPRegen 0.23/turn

%: random rage (20%), reflection, guardian spirit
@: studying Maces & Flails
A: no striking features
0: Orb of Zot
}: 4/15 runes: decaying, serpentine, silver, golden
a: Renounce Religion, Evoke Invisibility, Potion Petition, Call Merchant, Bribe
Branch


You escaped.
You worshipped Gozag.
Gozag was extremely pleased with you.
You visited 12 branches of the dungeon, and saw 54 of its levels.
You also visited: Trove, Gauntlet and Ice Cave.

You collected 33550 gold pieces.
You spent 3740 gold pieces at shops.
You paid 18140 gold pieces to Gozag.

Inventory:

Hand Weapons
 a - a +9 sling of freezing
 b - a +9 antimagic lajatang
 g - a +9 lajatang of speed (weapon)
 V - a +2 rapier of distortion
Missiles
 q - 13 curare-tipped darts
Armour
 d - the +1 pair of boots "Poocello" (worn) {Int+2}
   (You found it on level 3 of the Tomb of the Ancients)

   Int:       It affects your intelligence (+2).
 o - the +2 cloak of Luiclem (worn) {Drain +Inv Str+2 Int+5}
   (You found it in a Gauntlet)

   Str:       It affects your strength (+2).
   Int:       It affects your intelligence (+5).
   +Inv:      It lets you turn invisible.
   Drain:     It drains your maximum health when unequipped.
 t - the +2 hat of the Bear Spirit (worn) {Spirit, Bear, *Rage Will++}
   (You found it on level 3 of the Elven Halls)

   Bear:      Going berserk makes the wearer exceptionally tough, and they are
   slowed for a shorter time afterward.
   *Rage:     It berserks you when you make melee attacks (+20% chance).
   Will:      It greatly increases your willpower.
 K - the +0 leather armour "Caxerrech" (worn) {rElec rN+ Regen+ Dex+4}
   (You found it in a treasure trove)

   Dex:       It affects your dexterity (+4).
   rElec:     It insulates you from electricity.
   rN:        It protects you from negative energy.
   Regen:     It increases your rate of health regeneration.
 L - the +2 pair of gloves "Fenianaf" (worn) {rPois rF+ Will+ Str-2}
   (You found it on level 3 of the Tomb of the Ancients)

   Str:       It affects your strength (-2).
   rF:        It protects you from fire.
   rPois:     It protects you from poison.
   Will:      It increases your willpower.
Jewellery
 i - a ring of positive energy
 r - the amulet "Takhyh" (around neck) {Reflect Will++ Str+5 SH+5 Stlth-}
   (You took it off a deep elf demonologist on level 3 of the Elven Halls)

   [amulet of reflection]

   It reflects blocked missile attacks.
   Str:       It affects your strength (+5).
   SH:        It affects your SH (+5).
   Will:      It greatly increases your willpower.
   Stlth:     It makes you less stealthy.
 y - a ring of protection from fire
 N - the ring of the Heavens (left hand) {rC+ rCorr}
   (You found it on level 3 of the Tomb of the Ancients)

   [ring of protection from cold]

   rC:        It protects you from cold.
   rCorr:     It protects you from acid and corrosion.
 S - the ring "Gaheva" (right hand) {Dex+2 SInv}
   (You took it off an orc on level 2 of the Orcish Mines)

   [ring of see invisible]

   Dex:       It affects your dexterity (+2).
   SInv:      It lets you see invisible.
Wands
 j - a wand of polymorph (53)
 m - a wand of mindburst (43)
 w - a wand of flame (91) (quivered)
 C - a wand of acid (13)
 D - a wand of iceblast (26)
 E - a wand of paralysis (62)
 I - a wand of digging (22)
Scrolls
 f - 7 scrolls of noise
 k - 10 scrolls of fog
 l - 8 scrolls of poison
 v - a scroll of vulnerability
 A - 5 scrolls of blinking
 F - 3 scrolls of magic mapping
 H - 6 scrolls of teleportation
 Q - 4 scrolls of silence
 U - 5 scrolls of fear
 X - 9 scrolls of immolation
Potions
 e - 9 potions of berserk rage
 h - 8 potions of brilliance
 s - 2 potions of haste
 u - 11 potions of curing
 x - 3 potions of resistance
 z - 8 potions of might
 B - a potion of invisibility
 G - 14 potions of flight
 J - 3 potions of cancellation
 O - 2 potions of lignification
 P - 2 potions of heal wounds
 R - 7 potions of magic
Miscellaneous
 c - a condenser vane
 p - a phial of floods
 M - a figurine of a ziggurat
 T - a phantom mirror (inert)
 Y - a lightning rod (4/4)
 Z - a box of beasts (inert)


   Skills:
 + Level 19.9 Fighting
 - Level 14.0 Staves
 - Level 19.0 Ranged Weapons
 - Level 9.0 Armour
 + Level 19.9 Dodging
 - Level 8.0 Stealth
 - Level 6.0 Spellcasting
 + Level 18.3 Necromancy
 + Level 18.3 Earth Magic
 * Level 24.9 Evocations


You had 33 spell levels left.
You knew the following spells:

 Your Spells              Type           Power      Damage    Failure   Level
a - Borgnjor's Vile Clut  Necr/Erth      31%        N/A       1%          5

Your spell library contained the following spells:

 Spells                   Type           Power      Damage    Failure   Level
 Necrotise                Necr           100%       1d9       0%          1
 Sandblast                Erth           100%       2d20      0%          1
 Sublimation of Blood     Necr           63%        N/A       0%          2
 Kiss of Death            Conj/Necr      100%       2d13      1%          1
 Cigotuvi's Dreadful Rot  Necr/Pois/Air  54%        N/A       1%          2
 Passwall                 Tmut/Erth      31%        N/A       1%          2
 Stone Arrow              Conj/Erth      76%        3d11      1%          3
 Vampiric Draining        Necr           63%        2d10      1%          3
 Dispel Undead            Necr           63%        3d22      1%          4
 Agony                    Necr           63%        N/A       1%          5
 Lee's Rapid Deconstruct  Erth           31%        3d16*     1%          5
 Death Channel            Necr           31%        N/A       1%          6
 Anguish                  Hex/Necr       19%        N/A       3%          4
 Animate Armour           Summ/Erth      76%        N/A       3%          4
 Leda's Liquefaction      Hex/Erth       19%        N/A       3%          4
 Petrify                  Tmut/Erth      38%        N/A       3%          4
 Apportation              Tloc           10%        N/A       14%         1
 Beastly Appendage        Tmut           10%        N/A       14%         1
 Freeze                   Ice            20%        1d4       14%         1
 Magic Dart               Conj           20%        1d4       14%         1
 Shock                    Conj/Air       20%        1d4       14%         1
 Sting                    Tmut/Pois      20%        1d4       14%         1
 Blink                    Tloc           10%        N/A       21%         2
 Ensorcelled Hibernation  Hex/Ice        10%        N/A       21%         2
 Lesser Beckoning         Tloc           10%        N/A       21%         2
 Poisonous Vapours        Pois/Air       10%        N/A       21%         2
 Searing Ray              Conj           10%        2d4       21%         2
 Static Discharge         Conj/Air       10%        2-3/arc   21%         2
 Wereblood                Tmut           5%         N/A       21%         2
 Call Canine Familiar     Summ           5%         N/A       38%         3
 Confusing Touch          Hex            5%         N/A       38%         3
 Frozen Ramparts          Ice            10%        1d2       38%         3
 Gell's Gravitas          Tloc           5%         N/A       38%         3
 Hailstorm                Conj/Ice       5%         3d4       38%         3
 Ignite Poison            Fire/Tmut/Pois 5%         N/A       38%         3
 Inner Flame              Hex/Fire       5%         N/A       38%         3
 Ozocubu's Armour         Ice            5%         N/A       38%         3
 Portal Projectile        Hex/Tloc       10%        N/A       38%         3
 Spider Form              Tmut/Pois      5%         N/A       38%         3
 Summon Guardian Golem    Hex/Summ       5%         N/A       38%         3
 Swiftness                Air            5%         N/A       38%         3
 Teleport Other           Tloc           5%         N/A       38%         3
 Tukima's Dance           Hex            5%         N/A       38%         3
 Vhi's Electric Charge    Tloc/Air       10%        N/A       38%         3
 Volatile Blastmotes      Fire/Tloc      10%        2d10      38%         3
 Iron Shot                Conj/Erth      19%        9d4       45%         6
 Statue Form              Tmut/Erth      25%        N/A       45%         6
 Borgnjor's Revivificati  Necr           31%        N/A       45%         8
 Airstrike                Air            2%         2d(1-17)  80%         4
 Cause Fear               Hex            2%         N/A       80%         4
 Flame Wave               Conj/Fire      5%         2d5       80%         4
 Fulminant Prism          Conj/Hex       2%         3d5       80%         4
 Ice Form                 Ice/Tmut       5%         N/A       80%         4
 Iskenderun's Mystic Bla  Conj/Tloc      5%         2d3       80%         4
 Manifold Assault         Tloc           5%         N/A       80%         4
 Olgreb's Toxic Radiance  Pois           5%         N/A       80%         4
 Passage of Golubria      Tloc           5%         N/A       80%         4
 Sticky Flame             Conj/Fire      5%         2d3       80%         4
 Summon Ice Beast         Ice/Summ       5%         N/A       80%         4
 Summon Lightning Spire   Summ/Air       5%         N/A       80%         4
 Alistair's Intoxication  Tmut/Pois      3%         N/A       98%         5
 Arcjolt                  Conj/Air       2%         1d12      98%         5
 Blade Hands              Tmut           2%         N/A       98%         5
 Fireball                 Conj/Fire      2%         3d4       98%         5
 Freezing Cloud           Conj/Ice/Air   2%         6-21      98%         5
 Irradiate                Conj/Tmut      2%         3d12      98%         5
 Iskenderun's Battlesphe  Conj           5%         2d6       98%         5
 Metabolic Englaciation   Hex/Ice        2%         N/A       98%         5
 Silence                  Hex/Air        2%         N/A       98%         5
 Summon Forest            Summ/Tloc      2%         N/A       98%         5
 Summon Mana Viper        Hex/Summ       5%         N/A       98%         5
 Yara's Violent Unravell  Hex/Tmut       2%         3d3       98%         5
 Conjure Ball Lightning   Conj/Air       2%         3x3d6     100%        6
 Dispersal                Tloc           2%         N/A       100%        6
 Eringya's Noxious Bog    Tmut/Pois      2%         N/A       100%        6
 Dragon Form              Tmut           2%         N/A       100%        7
 Enfeeble                 Hex            2%         N/A       100%        7
 Monstrous Menagerie      Summ           2%         N/A       100%        7
 Orb of Destruction       Conj           2%         9d5       100%        7
 Ozocubu's Refrigeration  Ice            2%         4d8       100%        7
 Spellforged Servitor     Conj/Summ      2%         N/A       100%        7
 Storm Form               Tmut/Air       2%         N/A       100%        7
 Summon Hydra             Summ           2%         N/A       100%        7
 Discord                  Hex            2%         N/A       100%        8
 Disjunction              Tloc           2%         N/A       100%        8
 Ignition                 Fire           2%         3d3       100%        8
 Lehudib's Crystal Spear  Conj/Erth      19%        10d6      100%        8
 Maxwell's Capacitive Co  Air            2%         ∞         100%        8
 Necromutation            Tmut/Necr      19%        N/A       100%        8
 Chain Lightning          Conj/Air       2%         3d3       100%        9
 Death's Door             Necr           31%        N/A       100%        9
 Dragon's Call            Summ           2%         N/A       100%        9
 Fire Storm               Conj/Fire      2%         8d1       100%        9
 Polar Vortex             Ice            2%         N/A       100%        9
 Shatter                  Erth           31%        3d26*     100%        9
 Animate Dead             Necr           Unusable   N/A       N/A         4
 Simulacrum               Ice/Necr       Unusable   N/A       N/A         6

Dungeon Overview and Level Annotations

Branches:
Dungeon (15/15)            Temple (1/1) D:6            Lair (5/5) D:8
  Swamp (4/4) Lair:3        Snake (4/4) Lair:2        Slime (0/5) Lair:4
    Orc (2/2) D:9             Elf (3/3) Orc:2        Vaults (5/5) D:13
  Crypt (3/3) Vaults:3       Tomb (3/3) Crypt:3      Depths (4/4) D:15
    Zot (5/5) Depths:4      IceCv (visited)         Gauntlet (visited)

Altars:
Ashenzari
Cheibriados
Dithmenos
Elyvilon
Fedhas
Gozag
Hepliaklqana
Kikubaaqudgha
Makhleb
Nemelex Xobeh
Okawaru
Qazlal
Ru
Sif Muna
Trog
Uskayaw
Vehumet
Wu Jian
Xom
Yredelemnul
Zin
The Shining One
Lugonu

Shops:
D:2 :   D:12 *   D:13 *   D:14 =   D:15 *   Orc:2 [(*[   Elf:2 [   Elf:3 (
Snake:1 [[   Snake:4 :=:   Vaults:2 ?   Vaults:4 :

Portals:
Hell: Depths:1 Depths:2 Depths:3 Depths:4
Abyss: Lair:5 Depths:2 Depths:3 Depths:4
Pandemonium: Depths:2
Ziggurat: Depths:4

Annotations:
D:11 3 runed translucent doors, exclusion: 3 doors, cheesebisquit's ghost, journeyman MfSu
D:15 2 transporters, exclusion: downstairs, Sareon's ghost, journeyman DgCj
Snake:1 Asterion
Vaults:3 exclusion: slime creature
Depths:1 exclusion: downstairs
Depths:2 2 runed translucent doors
Depths:4 exclusion: 2 doors
Zot:5 1 exclusion


Message History

The Orb Guardian struggles to escape constriction.
There is a stone staircase leading up here.
The zombie hands release their grip on the Orb Guardian.
The Orb Guardian hits you!!
You climb upwards.
There is a stone staircase leading down here.
Unknown command.
An Orb Guardian comes into view.
There is a stone staircase leading up here.
You climb upwards.
There is a stone staircase leading down here.
Aiming: Dig
Press: ? - help, Shift-Dir - straight line, f - you Please select a direction to dig.
This square is covered in magical glow.
The rock shatters into small pieces.
There is a stone staircase leading up, spattered with blood here.
You climb upwards.
There is a stone staircase leading down here.
There is a stone staircase leading up here.
You climb upwards.
There is a stone staircase leading down here.
You open the door.
There is an open door here.
There is a large open door here.
There is a staircase leading out of the dungeon here.
As you read the scroll of summoning, it crumbles to dust.
Wisps of shadow whirl around you...
As you read the scroll of summoning, it crumbles to dust.
Wisps of shadow whirl around you...
Okay, then.
You swap places.
You swap places.
As you read the scroll of summoning, it crumbles to dust.
Wisps of shadow whirl around you...
You swap places.
You swap places.
There is a staircase leading out of the dungeon here.
Okay, then.
You have escaped!

##..# #########
##...# ###≈§≈§§≈#
##....###≈≈≈§≈≈§§≈
###.....##≈≈≈≈§#§§§≈
..'.....##≈≈§§≈≈≈§≈
###.....#≈≈#§≈≈≈≈≈
##....#≈≈§≈≈####
#####...'....lSlS#
#.......'..§.Krg@#
#.####..#≈§≈§b####
#.####..#§≈#≈≈§§≈§
#.......##≈≈§≈≈≈§≈≈
.....#..##≈≈§≈≈#≈§≈≈
#.##.#..###§≈§≈≈§≈≈≈
#.##....# ###≈≈≈≈≈≈#
#.##....############
#................#


You could see a friendly quokka (summoned), a friendly goblin (summoned), a
friendly bat (summoned), 2 friendly ball pythons, a friendly kobold (summoned)
and 2 friendly frilled lizards.

Vanquished Creatures
  3 ancient liches
  3 dread liches
  Mennas (Crypt:1)
  Boris (twice) (Crypt:2 Crypt:3)
  28 royal mummies
  3 Killer Klowns
  Saint Roka (Depths:3)
  Xtahua (Depths:3)
  Frederick (Vaults:4)
  11 golden dragons
  A profane servitor (D:7)
  2 bone dragons
  2 Tzitzimimeh (Depths:3)
  2 electric golems
  A Brimstone Fiend (D:9)
  Rupert (Lair:4)
  Jorgrun (D:15)
  16 tentacled monstrosities
  5 Orb Guardians (Zot:5)
  3 deep elf blademasters (Elf:3)
  5 liches
  A titan (shapeshifter) (Vaults:5)
  2 titans (Vaults:5)
  Zenata (Vaults:1)
  4 quicksilver dragons
  2 deep elf master archers (Elf:3)
  8 sphinxes
  9 death cobs
  7 ancient champions
  4 tengu reavers (Vaults:5)
  Gastronok (Orc:1)
  6 shadow dragons
  A nagaraja (Snake:2)
  11 storm dragons
  Frances (D:14)
  A revenant (Tomb:1)
  Donald (Snake:4)
  A fenstrider witch (Swamp:3)
  7 draconian knights
  A draconian monk (Zot:4)
  5 deep elf sorcerers
  9 fire giants
  3 draconian scorchers
  13 frost giants
  A balrug (Depths:3)
  A juggernaut zombie (Crypt:3)
  Aizul (Snake:2)
  12 vault wardens
  2 curse skulls
  4 spriggan defenders
  A ghost moth (Zot:2)
  4 spectral caustic shrikes (Depths:2)
  5 deep elf elementalists (Elf:3)
  9 draconian shifters
  8 ghouls
  5 orc warlords
  A cacodemon (Depths:2)
  A broodmother (shapeshifter) (D:13)
  4 draconian annihilators
  4 war gargoyles
  17 stone giants
  17 ironbound preservers
  22 very ugly things
  6 ironbound thunderhulks
  4 vampire knights
  Azrael (Snake:2)
  3 deep elf annihilators (Elf:3)
  22 black draconians
  5 bunyips
  16 green draconians
  5 eleionomae
  17 white draconians
  A minotaur (Gauntlet)
  8 purple draconians
  7 red draconians
  5 deep elf demonologists
  A bennu (Tomb:3)
  11 dire elephants
  A lorocyproca (D:8)
  13 yellow draconians
  An ettin (shapeshifter) (Lair:5)
  9 fire dragons
  6 jiangshi
  9 deep elf death magi (Elf:3)
  Josephine (Snake:1)
  3 eidola
  14 ettins
  11 mummy priests
  A crystal guardian (Vaults:1)
  16 yaktaur captains
  3 deep elf high priests (Elf:3)
  The ghost of jasper the Unseen, a journeyman SpEn of Fedhas (Orc:2)
  The ghost of Aphyov the Severer, a journeyman HOFi of Beogh (Orc:1)
  2 shambling mangroves (Swamp:4)
  4 entropy weavers
  7 great orbs of eyes
  4 salamander tyrants
  2 ogre magi
  A rakshasa (Depths:2)
  A fenstrider witch skeleton (Crypt:2)
  2 peacekeepers
  12 hydras
  33 vault guards
  12 ironbound frosthearts
  Erica (Orc:1)
  6 spriggan air magi
  A spriggan skeleton (Crypt:3)
  A death knight (Crypt:1)
  13 anacondas
  11 ice dragons
  5 tengu warriors
  3 centaur warriors
  27 dancing weapons
  11 naga warriors
  7 two-headed ogres
  3 vampire magi
  10 death yaks
  5 boulder beetles
  42 death scarabs
  7 alligators
  An Orb Guardian skeleton (Crypt:2)
  4 orc high priests (Orc:2)
  4 deep troll earth magi
  3 thrashing horrors (Lair:5)
  6 shock serpents
  3 soul eaters
  Sonja (Orc:1)
  11 spriggan berserkers
  7 naga sharpshooters
  A sun demon (Depths:3)
  Nergalle (Orc:1)
  5 hell knights
  2 iron trolls
  13 deep elf knights
  3 shadow wraiths
  28 skeletal warriors
  13 sea snakes
  A skyshark (Lair:5)
  8 salamander mystics
  2 sixfirhies
  A titan skeleton (Crypt:2)
  45 deep trolls
  4 glowing orange brains
  4 flayed ghosts
  5 goliath frogs
  2 spriggan druids (Swamp:1)
  A glowing orange brain (shapeshifter) (D:14)
  12 swamp dragons
  2 storm dragon skeletons
  6 bog bodies
  4 naga ritualists
  8 deep elf archers
  20 ironbound convokers
  2 orange crystal statues
  9 phantasmal warriors
  A golden dragon skeleton (Crypt:1)
  12 lindwurms
  11 wizards
  3 bunyip skeletons (Crypt:2)
  3 large abominations (Lair:5)
  16 orc knights
  7 necromancers
  4 anaconda skeletons
  26 deep elf zephyrmancers
  22 mana vipers
  A broodmother zombie (Crypt:3)
  62 ugly things
  4 orc sorcerers (Orc:2)
  19 deep elf pyromancers
  6 cyclopes
  2 will-o-the-wisps
  A manticore (D:13)
  A tengu skeleton (Vaults:2)
  An iron dragon skeleton (Crypt:2)
  2 sphinx skeletons (Vaults:3)
  19 moths of wrath
  A dire elephant zombie (Tomb:2)
  22 salamanders
  3 smoke demons
  8 guardian serpents
  A torpor snail (Lair:5)
  2 ice statues
  2 rust devils (Depths:2)
  10 naga magi
  40 black mambas
  2 centaur zombies
  13 vault sentinels
  A cane toad (shapeshifter) (D:14)
  A stone giant skeleton (Vaults:3)
  2 gargoyles
  An orange demon (Depths:2)
  A hellion (Zot:4)
  A white draconian zombie (Crypt:2)
  A molten gargoyle (Depths:1)
  An unseen horror (D:11)
  10 cane toads
  5 centaur skeletons
  A minotaur zombie (Gauntlet)
  3 dire elephant skeletons (Crypt:2)
  An elephant slug zombie (Crypt:3)
  17 rime drakes
  3 naga skeletons
  5 freezing wraiths
  3 efreet
  8 komodo dragons
  A yaktaur (shapeshifter) (Lair:5)
  11 guardian mummies
  34 yaktaurs
  An anaconda simulacrum (Crypt:1)
  2 ice devils (Depths:2)
  4 tengu conjurers
  An unseen horror skeleton (Crypt:2)
  A white draconian skeleton (Crypt:3)
  2 hydra zombies
  7 tyrant leeches
  7 trolls
  An ancient zyme (Lair:5)
  A hellwing (Depths:2)
  25 polar bears
  19 hornets
  A hydra skeleton (Crypt:3)
  31 blink frogs
  Grinder (D:6)
  4 harpy skeletons (Crypt:2)
  An ettin zombie (Vaults:2)
  A great orb of eyes zombie (Crypt:3)
  22 flying skulls
  21 slime creatures
  A spriggan (shapeshifter) (Vaults:5)
  2 ettin skeletons
  A water elemental (Elf:3)
  A fire dragon skeleton (Crypt:2)
  A satyr skeleton (Crypt:3)
  50 yaks
  4 ushabtiu
  3 ynoxinuls
  A black mamba zombie (Crypt:1)
  A culicivora (Vaults:2)
  2 wyverns
  A merfolk skeleton (Crypt:2)
  18 wraiths
  A shadow (D:11)
  3 air elementals
  14 spriggans
  An ice dragon skeleton (Crypt:2)
  A vampire (D:14)
  3 fire bats (Depths:3)
  4 basilisks
  A human (D:4)
  5 fire elementals
  11 vampire mosquitoes
  3 redbacks (Vaults:2)
  3 chaos spawn (Lair:5)
  6 wargs
  4 steam dragons
  An elf skeleton (Vaults:2)
  9 swamp worms
  39 nagas
  A fire bat zombie (Crypt:2)
  An acid dragon (D:14)
  A swamp worm (shapeshifter) (D:11)
  A glowing shapeshifter zombie (Vaults:3)
  15 water moccasins
  An entropy weaver zombie (Crypt:3)
  A water nymph skeleton (Crypt:2)
  A floating eye (Depths:4)
  A demonspawn skeleton (Crypt:1)
  3 hell hounds (Snake:2)
  9 black bears
  33 orc warriors
  9 swamp drakes
  3 ice beasts
  A black bear (shapeshifter) (Vaults:5)
  12 ogres
  14 boggarts
  15 wolves
  8 centaurs
  A phantom (D:7)
  4 kobold brigands
  An elf zombie (Crypt:1)
  An earth elemental (Elf:2)
  9 bullfrogs
  3 necrophages
  A naga simulacrum (Crypt:3)
  5 gnoll sergeants
  A scorpion (D:5)
  A water moccasin zombie (Crypt:2)
  A yaktaur skeleton (Crypt:2)
  6 wights
  Dowan (D:5)
  6 small abominations (Lair:5)
  2 raiju skeletons
  5 killer bees (D:9)
  3 howler monkeys
  7 electric eels
  A jelly (D:7)
  2 gnoll boudas
  18 orc priests
  Crazy Yiuf (D:5)
  5 hounds
  Jessica (D:2)
  Terence (D:3)
  5 iguanas
  16 orc wizards
  10 hell rats
  An ogre zombie (Crypt:3)
  26 mummies
  23 gnolls
  7 adders
  15 river rats
  A shadow imp (Gauntlet)
  8 white imps
  A lava snake skeleton (Crypt:1)
  A worm zombie (Crypt:1)
  84 orcs
  4 bats
  7 endoplasms
  A giant cockroach (D:4)
  4 goblins
  7 hobgoblins
  5 quokkas
  9 ball pythons
  A dart slug zombie (Crypt:1)
  4 frilled lizards
  A gnoll skeleton (Crypt:2)
  A hobgoblin skeleton (Crypt:2)
  34 kobolds
  A quokka skeleton (Crypt:2)
  10 rats
  A fire vortex (Depths:1)
2279 creatures vanquished.

Vanquished Creatures (collateral kills)
  2 orbs of fire (Zot:5)
  2 ancient liches (Zot:5)
  Boris (Vaults:5)
  A royal mummy (Tomb:3)
  3 Killer Klowns (Zot:5)
  2 electric golems (Zot:5)
  A tentacled monstrosity (Vaults:5)
  17 Orb Guardians (Zot:5)
  2 ancient champions
  A shadow dragon (Vaults:5)
  A caustic shrike zombie (Tomb:3)
  A ghost moth (Zot:5)
  A war gargoyle (Vaults:5)
  A very ugly thing (Vaults:5)
  A deep elf demonologist (Elf:3)
  2 stone giants (Vaults:5)
  A purple draconian (Zot:5)
  A bennu (Tomb:3)
  A green draconian (Zot:5)
  A vault guard (Vaults:5)
  4 mummy priests
  An ironbound frostheart (IceCv)
  A death knight (Crypt:2)
  16 death scarabs
  A bunyip skeleton (Tomb:2)
  8 guardian mummies
  A harpy skeleton (Tomb:2)
  3 flying skulls (Tomb:3)
  11 ushabtiu (Tomb:3)
  A floating eye (shapeshifter) (Vaults:5)
  7 mummies
97 creatures vanquished.

Vanquished Creatures (others)
  A dread lich (Zot:5)
  6 royal mummies (Tomb:3)
  A golden dragon (Zot:5)
  A lich (Tomb:2)
  3 Orb Guardians (Zot:5)
  An ancient champion (Tomb:3)
  16 bennus (Tomb:3)
  5 mummy priests (Tomb:3)
  A spriggan skeleton (Tomb:3)
  5 death scarabs (Tomb:3)
  A deep elf knight (Elf:2)
  2 skeletal warriors (Tomb:3)
  A black mamba (Snake:2)
  A dire elephant skeleton (Tomb:3)
  12 guardian mummies (Tomb:3)
  7 flying skulls (Tomb:3)
  11 ushabtiu
  An orc warrior (Depths:3)
  A kobold brigand (D:7)
  An orc wizard (Orc:2)
  6 mummies
  A bush (Snake:4)
  A demonic plant (Gauntlet)
  6 foxfires
  57 fungi
  102 plants
251 creatures vanquished.

Grand Total: 2627 creatures vanquished

Notes
Turn   | Place    | Note
-------+----------+-------------------------------------------
     0 | D:1      | MrSquiggles the Human Hunter began the quest for the Orb.
     0 | D:1      | Reached XP level 1. HP: 16/16 MP: 1/1
   298 | D:1      | Reached XP level 2. HP: 19/22 MP: 2/2
   780 | D:1      | Found a faded altar of an unknown god.
  1059 | D:2      | Found a stormy altar of Qazlal.
  1240 | D:2      | Noticed Jessica
  1245 | D:2      | Killed Jessica
  1246 | D:2      | Reached XP level 3. HP: 5/28 MP: 3/3
  1495 | D:2      | Reached XP level 4. HP: 34/34 MP: 4/4
  1536 | D:2      | Found Onnudd's Book Emporium.
  1903 | D:3      | Found a sparkling altar of Nemelex Xobeh.
  1906 | D:3      | Noticed Terence
  2931 | D:2      | Reached XP level 5. HP: 39/39 MP: 5/5
  2972 | D:3      | Reached skill level 5 in Ranged Weapons
  4150 | D:4      | Found a runed translucent door.
  4150 | D:4      | Noticed a human
  4236 | D:4      | Found a broken altar of Ashenzari.
  4315 | D:4      | Reached skill level 1 in Earth Magic
  4315 | D:4      | Reached XP level 6. HP: 44/46 MP: 6/6
  4397 | D:4      | Reached skill level 1 in Necromancy
  4495 | D:4      | Found a basalt altar of Yredelemnul.
  4590 | D:5      | Entered Level 5 of the Dungeon
  4742 | D:5      | Noticed Dowan
  4743 | D:5      | Noticed Duvessa
  4757 | D:5      | Duvessa changed into Duvessa the centaur
  4757 | D:5      | Noticed Duvessa
  4884 | D:5      | Found a hide-covered altar of Uskayaw.
  5110 | D:5      | Noticed a water moccasin
  5120 | D:5      | Killed a water moccasin
  5121 | D:5      | Reached XP level 7. HP: 51/51 MP: 7/7
  5273 | D:5      | Found a runed translucent door.
  5274 | D:5      | Noticed Crazy Yiuf
  5371 | D:5      | Killed Duvessa the centaur
  5372 | D:5      | a jelly changed into a wyvern
  5372 | D:5      | Noticed a wyvern
  5379 | D:5      | Killed a wyvern
  5385 | D:5      | Killed Dowan
  5386 | D:5      | Reached XP level 8. HP: 22/57 MP: 8/8
  6668 | D:6      | Noticed Grinder
  7129 | D:6      | Found a staircase to the Ecumenical Temple.
  7158 | Temple   | Entered the Ecumenical Temple
  7389 | Temple   | Became a worshipper of Gozag Ym Sagoz the Greedy
  7468 | D:6      | Found a shadowy altar of Dithmenos.
  7495 | D:6      | Found a shimmering blue altar of Sif Muna.
  7535 | D:6      | Reached XP level 9. HP: 62/62 MP: 9/9
  7935 | D:7      | Reached skill level 5 in Dodging
  8322 | D:7      | Found an ornate altar of the Wu Jian Council.
  8661 | D:7      | Found a runed translucent door.
  8662 | D:7      | Found a burning altar of Makhleb.
  8662 | D:7      | Noticed a sixfirhy
  9505 | D:8      | Reached skill level 1 in Armour
  9801 | D:8      | Reached skill level 5 in Necromancy
  9908 | D:8      | Reached skill level 5 in Earth Magic
  9908 | D:8      | Reached XP level 10. HP: 60/68 MP: 10/10
 10159 | D:8      | Found a staircase to the Lair.
 10441 | D:8      | Noticed a two-headed ogre
 10637 | D:8      | Killed a two-headed ogre
 10888 | D:9      | Reached skill level 10 in Ranged Weapons
 11149 | D:9      | Found a bloodstained altar of Trog.
 12476 | D:9      | Reached skill level 1 in Spellcasting
 12601 | D:9      | Found a staircase to the Orcish Mines.
 12686 | D:9      | Identified a scroll of acquirement
 12687 | D:9      | Acquired 1159 gold pieces
 12780 | D:9      | Found a shimmering altar of Xom.
 12788 | D:9      | Found a shimmering altar of Xom.
 12789 | D:9      | Found a shimmering altar of Xom.
 12789 | D:9      | Found a shimmering altar of Xom.
 12790 | D:9      | Found a shimmering altar of Xom.
 12790 | D:9      | Found a shimmering altar of Xom.
 12790 | D:9      | Found a shimmering altar of Xom.
 13025 | D:10     | Entered Level 10 of the Dungeon
 13033 | D:10     | Reached XP level 11. HP: 63/73 MP: 13/13
 13204 | D:10     | Found an iron altar of Okawaru.
 13258 | D:10     | Found a glowing silver altar of Zin.
 13431 | D:10     | Noticed a centaur warrior
 13453 | D:10     | Killed a centaur warrior
 13779 | D:10     | Noticed a two-headed ogre
 13839 | D:10     | Killed a two-headed ogre
 15033 | D:11     | Reached skill level 5 in Armour
 15289 | D:11     | Found a runed translucent gate.
 15289 | D:11     | Found a runed translucent gate.
 15289 | D:11     | Found a runed translucent gate.
 15423 | D:11     | Noticed a cyan ugly thing
 15424 | D:11     | Noticed a white ugly thing
 15425 | D:11     | Noticed a white ugly thing
 15427 | D:11     | Noticed a red ugly thing
 15427 | D:11     | Noticed a red ugly thing
 15428 | D:11     | Noticed a brown ugly thing
 15430 | D:11     | Noticed a glowing orange brain
 15908 | D:11     | Noticed a salamander
 15911 | D:11     | a salamander changed into a jumping spider
 15915 | D:11     | a jumping spider changed into a death drake
 15915 | D:11     | Noticed a death drake (glowing shapeshifter)
 16072 | Lair:1   | Entered Level 1 of the Lair of Beasts
 16072 | Lair:1   | Noticed a death yak
 16072 | Lair:1   | Noticed a death yak
 16072 | Lair:1   | Noticed a death yak
 16072 | Lair:1   | Noticed a death yak
 16079 | Lair:1   | Identified the staff of cold "Wotziocu" {rF+ rC+}
 16919 | Lair:1   | Reached XP level 12. HP: 80/80 MP: 17/17
 18146 | Lair:1   | Killed a death yak
 18195 | Lair:1   | Killed a death yak
 18240 | Lair:1   | Killed a death yak
 18283 | Lair:1   | Killed a death yak
 18430 | Lair:2   | Found a staircase to the Snake Pit.
 18430 | Lair:2   | You are sucked into a shaft and drop 2 floors!
 18445 | Lair:4   | HP: 2/80 [lindwurm/blast of flame (28)]
 18448 | Lair:4   | Reached skill level 5 in Spellcasting
 18897 | Lair:4   | Noticed a seven-headed hydra
 19529 | Lair:4   | Noticed Rupert
 19554 | Lair:4   | Reached XP level 13. HP: 52/85 MP: 19/21
 19573 | Lair:4   | Killed Rupert
 19577 | Lair:4   | Noticed an ice dragon
 20238 | Lair:4   | Found a staircase to the Slime Pits.
 21365 | Lair:2   | Reached skill level 10 in Necromancy
 21400 | Lair:2   | Reached skill level 10 in Earth Magic
 22509 | Lair:3   | Found a staircase to the Swamp.
 23070 | Lair:5   | Entered Level 5 of the Lair of Beasts
 23428 | Lair:5   | Reached XP level 14. HP: 91/91 MP: 23/23
 23717 | Lair:5   | Learned a level 5 spell: Borgnjor's Vile Clutch
 26224 | Lair:5   | Reached skill level 1 in Evocations
 26984 | Lair:5   | Reached skill level 2 in Evocations
 27259 | Lair:5   | Found a corrupted altar of Lugonu.
 27259 | Lair:5   | Found a one-way gate to the infinite horrors of the Abyss.
 27268 | Lair:5   | Identified the +9 great sword of the Past {freeze, rPois
                  | Str+3}
 27427 | Lair:5   | Reached skill level 5 in Stealth
 27789 | Orc:1    | Entered Level 1 of the Orcish Mines
 27789 | Orc:1    | Noticed an orc warlord
 27790 | Orc:1    | Noticed Erica
 27795 | Orc:1    | Killed Erica
 27806 | Orc:1    | Noticed an orc warlord
 27810 | Orc:1    | Killed an orc warlord
 27811 | Orc:1    | Reached skill level 3 in Evocations
 27843 | Orc:1    | Reached XP level 15. HP: 100/100 MP: 6/24
 27845 | Orc:1    | Killed an orc warlord
 27845 | Orc:1    | Noticed Sonja
 27967 | Orc:1    | Killed Sonja
 28098 | Orc:1    | Noticed Gastronok
 28122 | Orc:1    | Killed Gastronok
 28298 | Orc:1    | Found a large runed translucent door.
 28298 | Orc:1    | Found a large runed translucent door.
 28326 | Orc:1    | Noticed Aphyov's ghost (journeyman HOFi)
 28371 | Orc:1    | Noticed Nergalle
 28395 | Orc:1    | Killed Nergalle
 28689 | Orc:2    | Entered Level 2 of the Orcish Mines
 28934 | Orc:2    | Found a runed translucent gate.
 28934 | Orc:2    | Noticed an orc warlord
 28974 | Orc:2    | Found a runed translucent gate.
 29169 | Orc:2    | Found a staircase to the Elven Halls.
 29190 | Orc:2    | Noticed jasper's ghost (journeyman SpEn)
 29201 | Orc:2    | Identified the +2 plate armour of Day {Str+2}
 29202 | Orc:2    | Identified the ring "Gaheva" {Dex+2 SInv}
 29250 | Orc:2    | Found a runed translucent gate.
 29619 | Orc:2    | Reached skill level 4 in Evocations
 30214 | Orc:2    | Reached skill level 5 in Fighting
 30759 | Orc:2    | Paralysed by an orc sorcerer for 2 turns
 30820 | Orc:2    | Found Messeq's Antique Armour Emporium.
 30820 | Orc:2    | Found Zitalaqa's Armour Boutique.
 30823 | Orc:2    | Found Ymueth's Antique Weapon Boutique.
 30823 | Orc:2    | Found Ugyzxeq's General Store.
 30832 | Orc:2    | Bought a potion of heal wounds for 70 gold pieces
 30834 | Orc:2    | Bought a runed robe for 148 gold pieces
 31463 | D:11     | an anaconda changed into a broodmother
 31463 | D:11     | Noticed a broodmother (glowing shapeshifter)
 31464 | D:11     | a broodmother changed into a boulder beetle
 31680 | D:11     | a radroach changed into a broodmother
 31680 | D:11     | Noticed a broodmother (glowing shapeshifter)
 31891 | D:11     | Found a runed translucent gate.
 31891 | D:11     | Found a runed translucent gate.
 31892 | D:11     | Noticed a cacodemon
 31894 | D:11     | Noticed cheesebisquit's ghost (journeyman MfSu)
 31895 | D:11     | Found a runed translucent gate.
 32163 | D:12     | Reached skill level 5 in Evocations
 32672 | D:11     | Acquired a staff of earth
 33133 | D:12     | Found Mymp's General Store.
 33138 | D:12     | Bought a lightning rod (4/4) for 330 gold pieces
 33138 | D:12     | Bought a box of beasts for 440 gold pieces
 33138 | D:12     | Bought a potion of might for 44 gold pieces
 33138 | D:12     | Bought a scroll of enchant armour for 82 gold pieces
 33831 | D:13     | Found a portal to a secret trove of treasure.
 33838 | D:13     | Identified the ring of Gepp {Ice Will+++ rCorr Int+2
                  | Slay+3}
 33940 | D:13     | Found a gate leading to a gauntlet.
 33951 | Gauntlet | Entered a Gauntlet
 33951 | Gauntlet | Found a transporter.
 33951 | Gauntlet | Found a transporter.
 33966 | Gauntlet | Found a transporter.
 33971 | Gauntlet | Found a transporter.
 33981 | Gauntlet | Found a transporter.
 33983 | Gauntlet | Found a transporter.
 33990 | Gauntlet | Found a runed translucent door.
 33992 | Gauntlet | Found a transporter.
 34013 | Gauntlet | Found a transporter.
 34030 | Gauntlet | Found a transporter.
 34034 | Gauntlet | Found a transporter.
 34042 | Gauntlet | Found a transporter.
 34046 | Gauntlet | Found a transporter.
 34347 | Gauntlet | Identified the +0 cloak of Exuvu {Dex+3}
 34412 | Gauntlet | Identified the +8 plate armour of the Shore {rF+ Dex+3}
 34454 | Gauntlet | Identified the +2 cloak of Luiclem {Drain +Inv Str+2 Int+5}
 34454 | Gauntlet | Identified the +6 scimitar "Xooderph" {flame, Str+3}
 35209 | D:13     | Reached XP level 16. HP: 113/113 MP: 8/25
 35348 | D:13     | Found a gate to the Vaults.
 35385 | D:13     | Reached skill level 6 in Evocations
 36219 | D:14     | Found Ydeishad's Jewellery Shoppe.
 36596 | D:14     | Noticed Frances
 37221 | D:14     | Killed Frances
 38691 | D:15     | Entered Level 15 of the Dungeon
 38691 | D:15     | Noticed Jorgrun
 38703 | D:15     | Killed Jorgrun
 38891 | D:15     | Found a transporter.
 38900 | D:15     | Noticed Sareon's ghost (journeyman DgCj)
 39153 | D:15     | Found a frozen archway.
 39250 | IceCv    | Entered an ice cave
 40366 | IceCv    | Reached skill level 7 in Evocations
 42037 | IceCv    | Reached skill level 8 in Evocations
 42071 | IceCv    | Noticed a frost giant
 42071 | IceCv    | Noticed a frost giant
 42089 | IceCv    | Killed a frost giant
 42090 | IceCv    | Reached XP level 17. HP: 68/125 MP: 11/26
 42447 | IceCv    | Reached skill level 9 in Evocations
 42751 | D:14     | Bought a ring of protection from fire for 350 gold pieces
 42751 | D:14     | Bought a ring of poison resistance for 280 gold pieces
 43127 | D:15     | Reached skill level 1 in Staves
 44309 | D:15     | Found a transporter.
 44714 | D:15     | Found a staircase to the Depths.
 45179 | D:3      | Killed Terence
 45276 | D:5      | Killed Crazy Yiuf
 45428 | D:6      | Killed Grinder
 45824 | Orc:1    | Killed Aphyov's ghost
 46075 | Orc:2    | Killed jasper's ghost
 46442 | Orc:2    | Reached skill level 5 in Staves
 47178 | Snake:1  | Entered Level 1 of the Snake Pit
 47314 | Snake:1  | Noticed Josephine
 47325 | Snake:1  | Killed Josephine
 48163 | Snake:1  | Found Tomad's Armour Emporium.
 48171 | Snake:1  | Found Asudalas's Armour Shoppe.
 48698 | Snake:1  | Noticed Asterion
 49560 | Snake:2  | Reached XP level 18. HP: 130/133 MP: 27/27
 49796 | Snake:2  | Noticed Azrael
 49810 | Snake:2  | Killed Azrael
 50440 | Orc:2    | Upgraded the game from 0.30-a0-1157-g2cc9ac7196 to
                  | 0.30-a0-1160-g6e42c06551
 50442 | Orc:2    | Bought the +3 leather armour of Supple Strength {rElec} for
                  | 496 gold pieces
 50724 | Snake:2  | Reached skill level 10 in Staves
 51973 | Snake:2  | Noticed Aizul
 51987 | Snake:2  | Killed Aizul
 52821 | Snake:3  | Identified the +8 broad axe of the Mind {vamp, Int+6}
 53531 | Snake:4  | Entered Level 4 of the Snake Pit
 53591 | Snake:4  | Found the +0 toga "Victory" {*Victory Clar}
 54083 | Snake:4  | Noticed Donald
 54327 | Snake:4  | Killed Donald
 54914 | Snake:4  | Found Hol Qot's Book Boutique.
 54939 | Snake:4  | Found Iwnud's Jewellery Shoppe.
 54977 | Snake:4  | Found Zist's Book Boutique.
 54991 | Snake:4  | Bought a manual of Ranged Weapons for 1120 gold pieces
 55473 | Snake:4  | Reached XP level 19. HP: 140/140 MP: 22/28
 55980 | Snake:4  | Reached skill level 10 in Evocations
 56615 | Snake:4  | Reached skill level 10 in Fighting
 56615 | Snake:4  | Reached skill level 10 in Dodging
 57411 | Snake:4  | Got a serpentine rune of Zot
 57674 | Swamp:1  | Entered Level 1 of the Swamp
 58256 | Swamp:1  | Reached skill level 15 in Ranged Weapons
 59133 | D:13     | You paid a toll of 2 scrolls of acquirement to enter a
                  | treasure trove
 59134 | Trove    | Entered a treasure trove
 59152 | Trove    | Identified the amulet "Hiroan" {Acrobat Contam Rampage
                  | rElec Int-4}
 59186 | Trove    | Identified the +0 leather armour "Caxerrech" {rElec rN+
                  | Regen+ Dex+4}
 59190 | Trove    | Identified the +0 ring mail "Wegaurph" {-Cast rF- rC+++
                  | Regen+}
 62154 | Swamp:3  | Reached skill level 11 in Evocations
 63062 | Swamp:4  | Entered Level 4 of the Swamp
 64346 | Swamp:4  | Reached XP level 20. HP: 151/151 MP: 19/29
 65728 | Swamp:4  | Got a decaying rune of Zot
 66099 | Elf:1    | Entered Level 1 of the Elven Halls
 66358 | Elf:1    | Identified the +6 flail of Floods {speed, Fragile +Blink
                  | Str+2}
 66999 | Elf:1    | Reached skill level 12 in Evocations
 67826 | Elf:1    | Got Wyixtuci's Directory of Illusion
 68426 | Elf:2    | Paralysed by an air elemental for 1 turns
 68634 | Elf:2    | Found Tufonuoz's Armour Emporium.
 68654 | Elf:2    | Found an ancient bone altar of Kikubaaqudgha.
 69480 | Elf:2    | Found a runed translucent gate.
 69482 | Elf:2    | Found a runed translucent gate.
 69482 | Elf:2    | Found a runed translucent gate.
 69640 | Elf:3    | Entered Level 3 of the Elven Halls
 70121 | Elf:3    | Found Jialaexu's Weapon Boutique.
 70142 | Elf:3    | Paralysed by an air elemental for 1 turns
 71229 | Elf:3    | Reached skill level 13 in Evocations
 71580 | Elf:3    | Paralysed by an air elemental for 1 turns
 72453 | Elf:3    | Identified the +1 trident of Karma {flame, rElec rF+ rN+}
 72544 | Elf:3    | Identified the +8 broad axe of a bazaar {freeze, Int+3
                  | Dex+5 Stlth+}
 72544 | Elf:3    | Identified the amulet of Bept {Faith rN+ Int+3 Slay+2
                  | Stlth+}
 73031 | Elf:3    | Reached XP level 21. HP: 159/159 MP: 24/30
 73045 | Elf:3    | Identified the +7 scimitar of the Endless Expanse {freeze,
                  | rC++ Dex+2}
 73045 | Elf:3    | Identified the +0 leather armour "Miacvehu" {Harm *Slow
                  | Str-2 Dex+6}
 73045 | Elf:3    | Identified the amulet "Takhyh" {Reflect Will++ Str+5 SH+5
                  | Stlth-}
 73069 | Elf:3    | Identified the +1 scale mail "Gouloack" {-Cast rPois rCorr
                  | Str+4}
 73085 | Elf:3    | Identified the +4 flail of Drought {antimagic, Str+2}
 73232 | Elf:3    | Identified the +7 shortbow of Purpose {drain, Fragile rC+
                  | rN+ Dex+3}
 73380 | Elf:3    | Reached skill level 14 in Evocations
 73389 | Elf:3    | Identified the +5 short sword of Isotz {venom, rPois Str+3
                  | Stlth-}
 74796 | Elf:3    | Found the +2 hat of the Bear Spirit {Spirit, Bear, *Rage
                  | Will++}
 74803 | Elf:3    | Got the Vademecum on Violence
 74806 | Elf:3    | Got Tuhah's Codex of the Mutable Glacier
 74816 | Elf:3    | Got Sif Muna's Guidebook on the Singularity and Filth
 75258 | Vaults:1 | Entered Level 1 of the Vaults
 76432 | Vaults:1 | Reached skill level 15 in Evocations
 76793 | Vaults:1 | Noticed Zenata
 77291 | Vaults:1 | Killed Zenata
 79066 | Vaults:1 | Reached skill level 16 in Evocations
 80274 | Elf:2    | Reached XP level 22. HP: 143/166 MP: 7/31
 82621 | Vaults:2 | Found Xilo's Magic Scroll Emporium.
 83939 | Vaults:2 | Bought a scroll of enchant armour for 120 gold pieces
 84733 | Vaults:3 | Identified the +0 scale mail of the Fiddle {rN+}
 84930 | Vaults:3 | Reached skill level 17 in Evocations
 85545 | Vaults:3 | Found a staircase to the Crypt.
 85545 | Vaults:3 | Found a basalt altar of Yredelemnul.
 85546 | Vaults:3 | Found an ancient bone altar of Kikubaaqudgha.
 86879 | Vaults:4 | Reached XP level 23. HP: 173/177 MP: 27/32
 87874 | Vaults:4 | Found Gowkosh's Book Shop.
 87881 | Vaults:4 | Reached XP level 24. HP: 183/183 MP: 32/32
 88178 | Vaults:4 | Noticed Frederick
 88187 | Vaults:4 | Killed Frederick
 88681 | Vaults:4 | Noticed an ancient lich
 89296 | Vaults:4 | Reached skill level 18 in Evocations
 89419 | Vaults:5 | Entered Level 5 of the Vaults
 89435 | Vaults:5 | Reached skill level 15 in Fighting
 89435 | Vaults:5 | Reached skill level 15 in Dodging
 89445 | Vaults:5 | Noticed an ancient lich
 89460 | Vaults:5 | Killed an ancient lich
 90214 | Vaults:5 | Identified the +4 robe "Ohacimp" {Dex+4}
 90367 | Vaults:5 | Got a silver rune of Zot
 90882 | Vaults:5 | Identified the amulet "Cuckain" {Reflect rElec rCorr SH+5}
 91014 | Vaults:5 | Reached XP level 25. HP: 166/195 MP: 13/32
 91387 | Vaults:5 | Identified the +9 shortbow of Ylynakk {heavy, rF++ SInv}
 91739 | Vaults:5 | Identified the +2 spear "Taymepo Zasu" {freeze, rPois SInv}
 92017 | Vaults:5 | a golden dragon changed into a caustic shrike
 92017 | Vaults:5 | Noticed a caustic shrike (glowing shapeshifter)
 92020 | Vaults:5 | Noticed a shard shrike
 92027 | Vaults:5 | a shard shrike changed into a titan
 92033 | Vaults:5 | a titan changed into a juggernaut
 92033 | Vaults:5 | Noticed a juggernaut (glowing shapeshifter)
 92044 | Vaults:5 | a juggernaut changed into a titan
 92204 | Vaults:5 | Identified the +1 leather armour of the Gate {-Tele Int-5
                  | Dex+9 Slay+5}
 92232 | Vaults:5 | Noticed Boris
 92261 | Vaults:5 | Killed Boris
 93201 | Vaults:5 | Found the +1 cloak of Starlight {*Dazzle EV+4 Stlth--}
 93413 | Crypt:1  | Entered Level 1 of the Crypt
 94638 | Crypt:1  | Noticed Mennas
 95777 | Crypt:2  | Identified the +6 plate armour of Asceticism {Harm Int+3}
 95907 | Crypt:2  | Acquired a +2 antimagic lajatang
 95908 | Crypt:2  | Acquired 932 gold pieces
 95909 | Crypt:2  | Acquired 487 gold pieces
 97611 | Crypt:2  | Reached skill level 19 in Evocations
 98436 | Crypt:2  | Noticed Boris
 98478 | Crypt:2  | Killed Boris
100289 | Crypt:3  | Entered Level 3 of the Crypt
100736 | Crypt:3  | Noticed Boris
100756 | Crypt:3  | Killed Boris
100768 | Crypt:3  | Reached XP level 26. HP: 164/206 MP: 10/32
100883 | Crypt:3  | Found a staircase to the Tomb.
102560 | Depths:1 | Entered Level 1 of the Depths
102826 | Depths:1 | Found a gateway to Hell.
104140 | Depths:1 | Found a glowing golden altar of the Shining One.
104405 | Depths:2 | Found a sacrificial altar of Ru.
104562 | Depths:2 | Identified the +3 quarterstaff of the Iron City of Dis
                  | {flame, rN+ SInv}
105257 | Depths:2 | Reached skill level 20 in Evocations
105795 | Depths:2 | Found a one-way gate leading to the halls of Pandemonium.
107216 | Depths:2 | Found a runed translucent door.
107272 | Depths:2 | Found a runed translucent door.
107470 | Depths:3 | Noticed Xtahua
107477 | Depths:3 | Noticed Saint Roka
108388 | Depths:3 | Killed Xtahua
108427 | Depths:3 | Reached skill level 15 in Necromancy
108802 | Depths:3 | Killed Saint Roka
108803 | Depths:3 | Reached skill level 15 in Earth Magic
110108 | Depths:3 | Reached XP level 27. HP: 198/214 MP: 27/32
110781 | Depths:3 | Identified the +0 ring mail of Cucwu {rF+ rCorr}
110788 | Depths:3 | Identified the +2 sling of Doom {heavy, rF+ rC- rN+ Str+7}
111534 | Depths:4 | Entered Level 4 of the Depths
112124 | Depths:4 | Found a one-way gateway to a ziggurat.
113847 | Depths:4 | Found a hide-covered altar of Uskayaw.
114107 | Depths:4 | Reached skill level 21 in Evocations
114301 | Depths:4 | Acquired the +5 pair of gloves of Least Resistance {Str+4
                  | Stlth+}
114500 | Depths:4 | Found a gate to the Realm of Zot.
115075 | Tomb:1   | Entered Level 1 of the Tomb of the Ancients
116231 | Tomb:1   | Noticed a royal mummy
116248 | Tomb:1   | Killed a royal mummy
116527 | Tomb:1   | Noticed a royal mummy
116838 | Tomb:1   | Noticed a royal mummy
116852 | Tomb:1   | Killed a royal mummy
117228 | Tomb:1   | Killed a royal mummy
118448 | Tomb:2   | Noticed a royal mummy
118464 | Tomb:2   | Killed a royal mummy
118701 | Tomb:2   | Noticed a royal mummy
118718 | Tomb:2   | Killed a royal mummy
118978 | Tomb:2   | Noticed a royal mummy
119011 | Tomb:2   | Killed a royal mummy
119433 | Tomb:2   | Noticed a royal mummy
119447 | Tomb:2   | Killed a royal mummy
119803 | Tomb:2   | Identified the amulet "Mosyp" {Spirit rF+ rN+ Int+2}
121093 | Tomb:1   | Noticed a royal mummy
121105 | Tomb:1   | Killed a royal mummy
121223 | Tomb:1   | Noticed a royal mummy
121239 | Tomb:1   | Killed a royal mummy
121518 | Tomb:1   | Noticed a royal mummy
121569 | Tomb:1   | Killed a royal mummy
121570 | Tomb:1   | Noticed a royal mummy
121589 | Tomb:1   | Killed a royal mummy
121659 | Tomb:1   | Noticed a royal mummy
121840 | Tomb:1   | Noticed a royal mummy
121844 | Tomb:1   | Killed a royal mummy
122105 | Tomb:1   | Noticed a royal mummy
122119 | Tomb:1   | Killed a royal mummy
122247 | Tomb:1   | Noticed a royal mummy
122439 | Tomb:1   | Killed a royal mummy
122508 | Tomb:1   | Noticed a royal mummy
122573 | Tomb:1   | Killed a royal mummy
122711 | Tomb:1   | Noticed a royal mummy
122765 | Tomb:1   | Killed a royal mummy
122939 | Tomb:1   | Killed a royal mummy
123046 | Tomb:1   | Noticed a royal mummy
123104 | Tomb:1   | Killed a royal mummy
123251 | Tomb:1   | Noticed a royal mummy
123307 | Tomb:1   | Killed a royal mummy
123308 | Tomb:1   | Reached skill level 22 in Evocations
123755 | Vaults:4 | Killed an ancient lich
124567 | Tomb:1   | Noticed a royal mummy
124847 | Tomb:1   | Killed a royal mummy
124924 | Tomb:1   | Noticed a royal mummy
124996 | Tomb:1   | Killed a royal mummy
125445 | Tomb:1   | Noticed a royal mummy
125576 | Tomb:1   | Killed a royal mummy
125686 | Tomb:1   | Noticed a royal mummy
125774 | Tomb:1   | Killed a royal mummy
125916 | Tomb:1   | Noticed a royal mummy
125959 | Tomb:1   | Killed a royal mummy
126242 | Tomb:1   | Noticed a royal mummy
126309 | Tomb:1   | Noticed a royal mummy
126688 | Tomb:1   | Glimpsed the power of Zot.
126720 | Tomb:1   | Killed a royal mummy
126788 | Tomb:1   | Noticed a royal mummy
126953 | Tomb:1   | Killed a royal mummy
127041 | Tomb:1   | Killed a royal mummy
127152 | Tomb:2   | Glimpsed the power of Zot.
127169 | Tomb:3   | Entered Level 3 of the Tomb of the Ancients
127187 | Tomb:3   | Noticed a royal mummy
127192 | Tomb:3   | Killed a royal mummy
127197 | Tomb:3   | Noticed a royal mummy
127198 | Tomb:3   | Noticed a royal mummy
127206 | Tomb:3   | Killed a royal mummy
127223 | Tomb:3   | Got a golden rune of Zot
127227 | Tomb:3   | Killed a royal mummy
127230 | Tomb:3   | Noticed a royal mummy
127248 | Tomb:3   | Killed a royal mummy
127277 | Tomb:3   | Killed a royal mummy
127292 | Tomb:3   | Killed a royal mummy
127304 | Tomb:3   | Noticed a royal mummy
127309 | Tomb:3   | Killed a royal mummy
127327 | Tomb:3   | Found the +8 orange crystal plate armour {Archmagi, Int+3
                  | Clar}
127337 | Tomb:3   | Identified the +1 pair of boots "Poocello" {Int+2}
127342 | Tomb:3   | Identified the +7 plate armour of the Harvest {rF+ rC+
                  | Str+3 Dex+4}
127363 | Tomb:3   | Identified the +2 pair of gloves "Fenianaf" {rPois rF+
                  | Will+ Str-2}
127379 | Tomb:3   | Identified the ring of the Heavens {rC+ rCorr}
127380 | Tomb:3   | Identified the staff of death "Uczaf" {rN+ Str+3}
127506 | Tomb:3   | Identified the staff of poison "Jeofirgh" {rPois Will+}
127737 | Tomb:3   | Identified the +0 rapier "Luggik" {elec, rElec Str+2
                  | Stlth-}
128374 | Zot:1    | Entered Level 1 of the Realm of Zot
128887 | Orc:2    | Bought a potion of haste for 140 gold pieces
131956 | Crypt:1  | Killed Mennas
132923 | Tomb:3   | Killed a royal mummy
135788 | Crypt:3  | Reached skill level 23 in Evocations
135913 | Crypt:3  | Noticed a dread lich
135913 | Crypt:3  | Noticed a dread lich
136205 | Crypt:3  | Killed a dread lich
136225 | Crypt:3  | Killed a dread lich
136342 | Crypt:3  | Noticed an ancient lich
136363 | Crypt:3  | Killed an ancient lich
136429 | Crypt:3  | Identified the +1 dagger "Jabref" {freeze, Fragile rPois
                  | Str+3}
136434 | Crypt:3  | Identified the staff of fire "Jopp" {rF+ Will+ Str+4}
140524 | Zot:2    | Identified the +9 great sword of Precise Incision {speed,
                  | rElec rC+ Stlth+}
141293 | Zot:2    | Noticed a Killer Klown
141305 | Zot:2    | Identified the orb of the Pits of Slime {mayhem, rF+}
141513 | Zot:2    | Noticed a Killer Klown
141562 | Zot:2    | Killed a Killer Klown
141562 | Zot:2    | Killed a Killer Klown
142923 | Zot:3    | Identified the +2 robe "Uwuffo" {+Inv rCorr}
143776 | Zot:3    | Reached skill level 24 in Evocations
145375 | Zot:4    | Noticed a Killer Klown
145515 | Zot:4    | Killed a Killer Klown
147539 | Zot:5    | Entered Level 5 of the Realm of Zot
149347 | Zot:5    | Noticed an orb of fire
149348 | Zot:5    | Noticed an orb of fire
149352 | Zot:5    | Noticed a Killer Klown
149366 | Zot:5    | Killed a Killer Klown
149369 | Zot:5    | Noticed a dread lich
149425 | Zot:5    | Killed an orb of fire
149477 | Zot:5    | Noticed an orb of fire
149477 | Zot:5    | Noticed an orb of fire
149478 | Zot:5    | Noticed a dread lich
149478 | Zot:5    | Killed a Killer Klown
149478 | Zot:5    | Noticed an orb of fire
149483 | Zot:5    | Killed a dread lich
149491 | Zot:5    | Killed an orb of fire
149496 | Zot:5    | Noticed an ancient lich
149501 | Zot:5    | Killed an ancient lich
149503 | Zot:5    | Noticed a Killer Klown
149505 | Zot:5    | Killed a Killer Klown
149506 | Zot:5    | Noticed an ancient lich
149510 | Zot:5    | Killed an ancient lich
149676 | Zot:5    | Identified the +4 spear "Faestret" {spect, rCorr Int+2}
150480 | Vaults:2 | Bought a scroll of blinking for 120 gold pieces
150993 | Zot:5    | Got the Orb of Zot
151318 | Depths:1 | Noticed Furyus the pandemonium lord
151650 | D:$      | Escaped with the Orb!

Illustrated notes

Levels and vault maps discovered:
D:1:      lightli_molten_gateway, layout_loops_corners,
          shapermc_ecumenical_altar_pompeii
D:2:      layout_rooms, serial_shops, shop, basic_altar, uniq_jessica
D:3:      layout_basic, nemelex_altar_shiori, uniq_terence
D:4:      layout_rooms, marbit_many_paths, dk_yredelemnul_ordeal,
          dk_noncrumbling_3
D:5:      layout_loops_corners, mainiacjoe_overflow_tiny_flanked, uniq_duvessa,
          uniq_crazy_yiuf_cottage
D:6:      layout_basic, mainiacjoe_overflow_six_doors_small,
          grunt_dithmenos_smoke, minmay_temple_entry_glass, uniq_grinder
D:7:      layout_loops_ring, mainiacjoe_overflow_surrounded_room,
          nzn_makhleb_speed_demon, minmay_puff
D:8:      layout_rooms, erik_lair_orcish_takeover
D:9:      nicolae_moon_pools, layout_basic, trog_ov_bears_minmay,
          xom_redecorated
D:10:     layout_long_grid, nicolae_overflow_hidden_temple,
          mainiacjoe_overflow_brackets, minmay_circle_x
D:11:     layout_basic, ploomutoo_gammafunk_ghost_potion_laboratory,
          nicolae_figureground_sparkle
D:12:     layout_layer_cave, serial_shops, kennysheep_little_box
D:13:     layout_roguey, lightli_vaults_fourway_checkpoint,
          gauntlet_entry_generic, nicolae_trove_entry_free_sample,
          dreamdust_wasp_nest
D:14:     layout_stronghold, minmay_misc_feat_four_crosses, serial_shops,
          nicolae_shop_tiny_statue_garden, uniq_frances
D:15:     grunt_enter_depths_hoard, layout_irregular_city,
          gammafunk_ghost_stat_death, portal_ice_cave_entry_ugly_swarm,
          chequers_serial_rivers_room_a, david_greed, uniq_jorgrun
Temple:   dpeg_chambers_temple
Lair:1:   beast_lair_carwin_large_3, layout_layer_cave, minivault_27,
          kennysheep_abandoned_house, infiniplex_staircase_pool_2,
          lemuel_fruit_tree
Lair:2:   layout_regular_city, minmay_snake_entry_guardpost_small,
          enter_volcano_4, kennysheep_rathole
Lair:3:   layout_chaotic_city, minmay_swamp_entry_swarm, serial_bayou_shore_b
Lair:4:   layout_regular_city, slime_entry_1, small_statue_intersection,
          ice2_lemuel, uniq_rupert
Lair:5:   hellmonk_lair_end_abyssal_woods, layout_concentric_octagons
Swamp:1:  nicolae_swamp_long_stream, layout_falls_marsh,
          evilmike_swamp_ruin_rubble_2
Swamp:2:  layout_falls_marsh, evilmike_swamp_ruin_house_6
Swamp:3:  layout_falls_marsh, evilmike_swamp_ruin_house_1
Swamp:4:  swamp_basic_johnstein, layout_basic_swamp, infiniplex_staircase_pool
Snake:1:  layout_basic, grunt_ministairs_4, nicolae_triple_integral,
          minmay_shoptagon, uniq_asterion, uniq_josephine
Snake:2:  nicolae_sea_snake_s, layout_layer_cave, st_stairs_5,
          serial_bayou_lagoon_b, uniq_azrael, uniq_aizul
Snake:3:  layout_concentric_octagons, nicolae_snake_lava_pool
Snake:4:  snake_pit_salamanders_mu, layout_cave_pods, minmay_shop_grove,
          uniq_donald
Orc:1:    layout_diamond_mine, ebering_ghost_disaster_area, mines1_david,
          uniq_gastronok, uniq_erica, uniq_nergalle, uniq_sonja
Orc:2:    grunt_orc_tribal_feast, layout_diamond_mine,
          biasface_ghost_orc_armoury
Elf:1:    eino_elf_arrival_sip, layout_rooms, minmay_elf_demonology
Elf:2:    elven_hall_of_blades_hangedman_original [nicolae_blade_tridents],
          layout_geoelf_octagon, serial_shops, shop, basic_altar
Elf:3:    minmay_elf_hall_statues, layout_loops_corners, serial_shops,
          nicolae_shop_bloodbath_and_beyond, corner_web_ring
Vaults:1: vaults_dpeg_encased_lava, v_misc_25, v_rooms_4,
          vaults_room_stairs_pillars, nicolae_vaults_more_shelving_2,
          ontoclasm_vaults_chip, v_misc_18, ontoclasm_vaults_pinch,
          vaults_mumra_lcd, nicolae_vaults_six-pack,
          nicolae_vaults_mini_display_case, layout_vaults_omnigrid, uniq_zenata
Vaults:2: v_alt_pattern_5, hangedman_vaults_corner, v_misc_17,
          nicolae_vaults_storage_closets_3, nicolae_vaults_double_plus_2,
          nicolae_vaults_diamond_1, vaults_room_corners,
          ontoclasm_vaults_loading_screen, hangedman_vaults_maws,
          nicolae_vaults_mitosis, vaults_dpeg_emergency_exit,
          layout_vaults_big_room, serial_shops, shop_coins
Vaults:3: nicolae_vaults_frosty_reception, nicolae_vaults_wrenched, v_misc_1,
          minmay_crypt_entry_necro_gods, v_rooms_2,
          nicolae_vaults_circle_grid_a, vaults_room_large_hall,
          nicolae_vaults_trapezoid_2, nicolae_vaults_octothorpe, v_pattern_2,
          hangedman_vaults_capsules, nicolae_vaults_circle_grid_a,
          vaults_dpeg_ring, vaults_room_pools, layout_vaults_omnicross
Vaults:4: hangedman_vaults_snaps, v_rooms_6, vaults_dpeg_doors,
          nicolae_vaults_big_angled_halls, nicolae_vaults_heist, v_misc_27,
          nicolae_vaults_network_square,
          nicolae_vaults_you_can_take_it_with_you, nicolae_vaults_network_s,
          vaults_room_pools, nicolae_vaults_little_squares_3,
          layout_vaults_omnibox, serial_shops, shop, uniq_frederick
Vaults:5: uniq_boris
Crypt:1:  layout_regular_city, grunt_crypt_arrival_webbed, uniq_mennas
Crypt:2:  minmay_skeleton_keep, layout_chaotic_city
Crypt:3:  david_glass_crypt, layout_misc_corridors
Tomb:1
Tomb:2
Tomb:3
Depths:1: layout_big_octagon, roderic_serpentine_path, hell_entry, hex_medium,
          minmay_stone_trees_large, tso_altar
Depths:2: cheibrodos_witchhunters_guild, layout_honeycomb,
          pf_hell_entry_tar_river, abyss_entry_small_statue_room,
          grunt_pan_entry_zigzag, nicolae_ru_sacrificial_ziggurat
Depths:3: cheibrodos_tormentor_scu, layout_cave_shapes,
          hangedman_abyss_entry_splay, hellmouth_1, abandoned_shop,
          infiniplex_staircase_diamond, uniq_xtahua, uniq_saint_roka
Depths:4: evilmike_zot_entry_basic, layout_honeycomb, enter_ziggurat_f,
          hell_entry, nicolae_uskayaw_en_pointe, abyss_entry,
          minmay_misc_feat_encased, grunt_megastairs_5, serial_bayou_shore_b
Zot:1:    layout_gridville, grunt_megastairs_4
Zot:2:    grunt_zot_stairs_faceoff, layout_basic,
          hangedman_zot_decor_checkerboard, grunt_ministairs_12,
          st_small_dragon_hoard_5, hangedman_snake_sidewinding, uniq_josephina
Zot:3:    layout_cellular_growth
Zot:4:    kennysheep_oblong_rooms, layout_basic
Zot:5:    layout_basic, drop_trap

Skill      XL: |  1  2  3  4  5  6  7  8  9 10 11 12 13 14 15 16 17 18 19 20 21 22 23 24 25 26 27 |
---------------+----------------------------------------------------------------------------------+-----
Stealth        | 2 3 4 5 7 8 |  8.0
Ranged Weapons | 5 6 7 9 10 11 13 14 16 17 19 | 19.0
Dodging        | 3 4 5 6 8 9 11 12 13 14 15 16 17 19 | 19.9
Earth Magic    | 1 2 3 5 6 7 8 10 12 13 14 15 18 | 18.3
Necromancy     | 1 2 3 5 6 7 8 10 12 13 14 15 18 | 18.3
Armour         | 2 4 5 6 8 9 |  9.0
Spellcasting   | 1 3 5 6 |  6.0
Evocations     | 3 5 8 9 11 13 16 17 18 19 20 24 | 24.9
Fighting       | 4 6 9 11 12 13 14 15 16 17 19 | 19.9
Staves         | 9 14 | 14.0

Action                     |  1- 3 |  4- 6 |  7- 9 | 10-12 | 13-15 | 16-18 | 19-21 | 22-24 | 25-27 || total
---------------------------+-------+-------+-------+-------+-------+-------+-------+-------+-------++-------
  Melee: Quarterstaff      |       |       |       |       |       |       |    69 |    67 |    60 ||   196
         Lajatang          |       |       |       |       |       |       |       |       |  1453 ||  1453
   Fire: Shortbow          |    24 |       |       |       |       |       |       |       |       ||    24
         Sling             |    22 |   170 |   280 |   995 |  1350 |  1445 |  1332 |   964 |  2833 ||  9391
  Throw: Throwing net      |       |       |       |     5 |     1 |       |     1 |     1 |     1 ||     9
         Dart              |       |       |       |     4 |     1 |       |       |       |       ||     5
   Cast: Borgnjor's Vile C |       |       |       |       |   188 |   244 |   345 |   195 |   607 ||  1579
 Invoke: Potion Petition   |       |       |       |     2 |     3 |     1 |     3 |     2 |     6 ||    17
         Call Merchant     |       |       |       |       |       |     2 |       |       |       ||     2
         Bribe Branch      |       |       |       |       |       |       |       |       |     3 ||     3
Ability: Evoke Invisibilit |       |       |       |       |       |       |       |     2 |     1 ||     3
  Evoke: Wand              |       |     4 |    33 |    22 |    26 |    13 |    17 |    16 |    88 ||   219
         Condenser vane    |       |       |       |     1 |     1 |     1 |       |       |     1 ||     4
         Box of beasts     |       |       |       |       |     1 |       |     1 |     1 |     4 ||     7
         Lightning rod     |       |       |       |       |       |       |     2 |     2 |    10 ||    14
         Phantom mirror    |       |       |       |       |       |       |     1 |     1 |     5 ||     7
         Phial of floods   |       |       |       |       |       |       |     1 |     1 |     1 ||     3
    Use: Scroll            |       |    12 |     6 |    15 |    13 |     5 |     8 |     6 |    49 ||   114
         Potion            |       |       |     4 |     8 |     3 |     2 |     2 |     5 |    46 ||    70
   Stab: Confused          |       |       |       |       |       |       |     1 |     1 |       ||     2
         Sleeping          |       |       |       |       |       |       |       |     1 |       ||     1
         Distracted        |       |       |       |       |       |       |       |       |    19 ||    19
 Armour: Leather armour    |     4 |     7 |     1 |       |       |    70 |    80 |    48 |   402 ||   612
         Ring mail         |       |    19 |    27 |   147 |   171 |    42 |       |       |       ||   406
         Crystal plate arm |       |       |       |       |       |       |       |       |    66 ||    66
  Dodge: Dodged            |     9 |    44 |    70 |   200 |   281 |   252 |   270 |   304 |  2613 ||  4043
  Block: Other             |       |       |    16 |    91 |    92 |    90 |    60 |    47 |   453 ||   849
         Reflection        |       |       |     4 |     4 |     9 |    19 |     8 |    11 |     9 ||    64

Table legend: (Time is in decaauts)
 A = Elapsed time spent in this place.
 B = Non-inter-level travel time spent in this place.
 C = Inter-level travel time spent in this place.
 D = Time resting spent in this place.
 E = Time spent auto-exploring this place.
 F = Levels seen in this place.
 G = Mean time per level.
                   A        B        C        D        E       F      G
               +--------+--------+--------+--------+--------+-----+--------+
         Total | 149785 | 131482 |  18303 |  53404 |  25610 |  57 | 2627.8 |
       Dungeon |  30877 |  24747 |   6130 |   7466 |   7071 |  15 | 2058.5 |
        Temple |    258 |    197 |     61 |      0 |    131 |   1 |  258.0 |
          Lair |  11887 |  11060 |    827 |   3231 |   1379 |   5 | 2377.4 |
         Swamp |   8013 |   7707 |    306 |   4816 |   1164 |   4 | 2003.2 |
     Snake Pit |  10404 |   9528 |    876 |   3483 |   2701 |   4 | 2601.0 |
  Orcish Mines |   5061 |   3955 |   1106 |   1525 |    692 |   2 | 2530.5 |
   Elven Halls |  10502 |   9742 |    760 |   5552 |   1497 |   3 | 3500.7 |
        Vaults |  17540 |  14870 |   2670 |   4547 |   4650 |   5 | 3508.0 |
         Crypt |   9192 |   7893 |   1299 |   3503 |   1095 |   3 | 3064.0 |
          Tomb |  14266 |  12475 |   1791 |   6259 |    439 |   3 | 4755.3 |
        Depths |  15197 |  13611 |   1586 |   6695 |   2851 |   4 | 3799.2 |
           Zot |  12546 |  11658 |    888 |   4310 |   1590 |   5 | 2509.2 |
         Trove |    109 |    109 |      0 |      0 |     30 |   1 |  109.0 |
      Ice Cave |   3212 |   3212 |      0 |   1847 |     39 |   1 | 3212.0 |
      Gauntlet |    715 |    715 |      0 |    165 |    280 |   1 |  715.0 |
               +--------+--------+--------+--------+--------+-----+--------+

Top non-repeatable levels by time:
  Tomb:1: 9339 daAuts
Depths:4: 5713 daAuts
   Elf:3: 5135 daAuts
Vaults:1: 4581 daAuts
  Lair:5: 4409 daAuts
Depths:2: 4083 daAuts
 Crypt:2: 3958 daAuts
Vaults:5: 3781 daAuts
   Orc:2: 3768 daAuts
  Tomb:2: 3759 daAuts
Vaults:4: 3721 daAuts
 Snake:4: 3545 daAuts
    D:13: 3428 daAuts
    D:15: 3247 daAuts
   IceCv: 3212 daAuts
